Map: Pillars of Gold LE

Players

DanniMC

  • Race: Terran Terran
  • League: Platinum
  • Spawn Location: 7:00

ViBE - Winner!

  • Race: Zerg Zerg
  • League: Platinum
  • Spawn Location: 1:00

VOD

Have the link to the VOD?

Description

Time

  • Played on: March 30, 2021, 11:19 p.m.
  • Length: 16:02
Show
View Real Time Build Order
Export as new Build Order

DanniMC Terran 

Build Orders: Reaper Expand 

Get SALT Encoding   

  12  0:02  SCV  
  13  0:14  SCV  
  13  0:18  Supply Depot  
  14  0:26  SCV  
  15  0:39  SCV  
  15  0:41  Barracks  
  16  0:46  Refinery  
  16  0:51  SCV  
  17  1:01  Barracks  
  17  1:09  SCV  
  18  1:12  Refinery  
  18  1:21  SCV  
  19  1:30  Reaper  
  20  1:36  Orbital Command  
  20  2:02  Command Center  
  20  2:05  SCV  
  21  2:17  Factory  
  21  2:19  Barracks Reactor  
  21  2:54  SCV  
  22  3:06  SCV  
  23  3:14  Orbital Command  
  23  3:18  SCV  
  25  3:22  Engineering Bay  
  25  3:29  Barracks Reactor  
  25  3:30  SCV, Hellion  
  25  3:31  Hellion  
  29  3:39  Bunker  
  29  3:41  SCV  
  30  3:42  SCV  
  31  3:52  Hellion x2  
  31  3:53  Supply Depot, SCV  
  31  3:54  SCV, Terran Infantry Weapons Level 1  
  37  4:05  SCV  
  38  4:11  Supply Depot  
  38  4:14  Marine x2, SCV  
  38  4:15  Hellion x2  
  45  4:21  Armory  
  45  4:24  SCV  
  46  4:33  Marine x2  
  46  4:36  Hellion x2  
  52  4:44  SCV x2  
  54  4:57  Supply Depot  
  54  4:58  Supply Depot  
  54  5:18  Marine x2  
  55  5:36  Marine x2  
  55  5:41  Hellion  
  55  5:52  Hellion x6  
  55  5:54  Marine x2  
  55  6:11  Marine  
  55  6:16  SCV x2  
  58  6:19  Refinery, Marine  
  58  6:21  Refinery  
  58  6:25  Barracks  
  58  6:27  Barracks, Starport  
  58  6:28  SCV x2, Widow Mine  
  58  6:29  Widow Mine  
  58  6:30  Terran Infantry Weapons Level 2  
  64  6:35  Engineering Bay  
  64  6:46  SCV x2  
  66  6:49  Command Center  
  66  6:58  SCV  
  66  6:59  SCV  
  66  7:01  Factory  
  68  7:10  SCV  
  68  7:11  SCV  
  70  7:22  Barracks Tech Lab x2  
  70  7:29  Barracks  
  70  7:31  Factory Tech Lab  
  70  7:46  Terran Infantry Armor Level 1  
  70  7:48  Factory Tech Lab  
  70  7:51  Concussive Shells  
  70  7:59  Supply Depot  
  70  8:00  Marine x3, Supply Depot  
  70  8:01  SCV, Marauder, Supply Depot  
  76  8:18  Sensor Tower  
  76  8:19  Marauder  
  78  8:21  SCV x2  
  78  8:22  Marauder  
  78  8:23  Marine x2  
  84  8:27  Sensor Tower  
  84  8:30  Barracks Reactor  
  84  8:33  SCV x2, Siege Tank x2  
  92  8:34  Stimpack  
  92  8:39  Liberator x2  
  92  8:40  Marine  
  92  8:41  Marine  
  100  8:44  Marauder  
  100  8:45  SCV x2  
  100  8:46  Terran Vehicle Weapons Level 1  
  100  8:47  Supply Depot x2  
  100  8:48  Supply Depot x2  
  104  8:50  Terran Infantry Weapons Level 3  
  104  8:57  SCV  
  104  8:58  Marine, SCV, Marauder  
  109  9:07  Orbital Command  
  109  9:08  Marine x2, Siege Tank x2  
  109  9:09  SCV  
  118  9:14  Marine  
  118  9:15  Marine  
  118  9:16  Marine  
  121  9:19  Marauder  
  121  9:22  Medivac x2  
  127  9:26  Marine, Marauder  
  130  9:40  Siege Tank  
  130  9:41  Marauder  
  135  9:48  Siege Tank, Marauder  
  135  9:49  SCV  
  141  9:53  Refinery  
  141  9:54  Refinery  
  141  10:00  Command Center  
  141  10:16  Barracks  
  141  10:17  Barracks  
  141  10:24  Supply Depot x2  
  141  10:45  Marine x4, SCV x2  
  141  10:47  Supply Depot  
  141  10:49  Supply Depot  
  147  10:54  Marine  
  147  10:55  Marine  
  147  10:56  Siege Tank x2  
  152  10:57  SCV x2  
  152  11:03  Marine  
  153  11:09  SCV  
  137  11:28  Siege Tank x2  
  115  11:43  Marine x2  
  115  11:44  Marine x4  
  91  12:01  Marine x2  
  91  12:02  Marine  
  68  12:24  Marine  
  52  13:19  Orbital Command  
  16  13:48  SCV  
  10  14:13  SCV  
  8  15:01  Supply Depot  
  2  15:31  Barracks  
  2  15:33  Command Center  
Show
View Real Time Build Order
Export as new Build Order

ViBE Zerg - Winner!

Build Orders: Hatch First, Lurkers, Roach Hydra 

Get SALT Encoding   

  12  0:00  Drone  
  13  0:12  Overlord  
  13  0:17  Drone  
  14  0:31  Drone x2  
  16  0:50  Hatchery  
  16  0:54  Drone  
  16  0:56  Drone  
  17  1:02  Drone  
  18  1:14  Spawning Pool  
  17  1:18  Drone  
  17  1:23  Drone  
  19  1:29  Drone  
  20  1:37  Extractor  
  19  1:43  Overlord  
  19  1:53  Drone  
  20  2:09  Drone  
  20  2:10  Queen x2  
  20  2:12  Drone x2  
  27  2:24  Overlord  
  27  2:25  Drone  
  27  2:26  Drone  
  29  2:34  Drone  
  29  2:36  Drone  
  29  2:47  Drone x2  
  29  2:49  Lair  
  31  2:51  Queen  
  31  2:54  Drone  
  34  3:06  Drone x2  
  36  3:17  Drone x3  
  39  3:23  Drone x5  
  39  3:26  Overlord  
  44  3:29  Roach Warren  
  44  3:32  Evolution Chamber  
  42  3:36  Drone x2  
  42  3:40  Extractor  
  42  3:41  Overlord  
  43  3:42  Extractor  
  43  3:45  Drone  
  43  3:51  Drone  
  44  4:00  Drone x5  
  44  4:01  Overlord  
  49  4:12  Hatchery  
  49  4:13  Glial Reconstitution  
  49  4:14  Zerg Missile Weapons Level 1  
  48  4:21  Roach x2  
  48  4:24  Roach  
  54  4:26  Roach  
  54  4:28  Roach  
  54  4:30  Roach  
  60  4:37  Overlord  
  60  4:45  Overlord  
  60  4:48  Drone x4  
  64  5:07  Drone x9  
  73  5:26  Drone x4  
  73  5:28  Queen  
  79  5:36  Roach  
  79  5:37  Roach x2  
  79  5:40  Roach  
  83  5:45  Roach x2  
  71  5:57  Roach x3  
  71  6:00  Roach x3  
  71  6:01  Roach  
  71  6:02  Roach x2  
  89  6:08  Overlord x3  
  89  6:12  Zerg Missile Weapons Level 2  
  89  6:20  Hatchery  
  88  6:26  Overlord x3  
  88  6:33  Hatchery  
  87  6:47  Drone x6  
  87  6:52  Drone  
  94  6:59  Drone x6  
  100  7:02  Hydralisk Den  
  100  7:04  Evolution Chamber  
  98  7:09  Infestation Pit  
  98  7:11  Extractor  
  98  7:13  Drone x2  
  98  7:27  Drone  
  98  7:28  Drone x2  
  101  7:30  Extractor  
  101  7:31  Extractor  
  101  7:32  Queen  
  101  7:38  Drone x7  
  108  7:50  Grooved Spines  
  108  7:51  Hydralisk  
  108  7:52  Hydralisk x3  
  108  7:54  Hydralisk x2  
  120  7:59  Hive  
  120  8:06  Zerg Ground Armor Level 1  
  120  8:10  Drone x6  
  126  8:19  Drone  
  130  8:20  Drone x3  
  130  8:27  Extractor, Drone x2  
  130  8:28  Extractor  
  130  8:30  Drone x7  
  137  8:34  Hatchery, Overlord  
  137  8:38  Overseer  
  137  8:39  Overseer  
  136  8:54  Hydralisk  
  136  8:55  Hydralisk x7  
  152  9:00  Overlord x4  
  152  9:01  Overlord x4  
  152  9:05  Muscular Augments  
  152  9:17  Lurker Den  
  152  9:24  Drone x2  
  152  9:25  Hydralisk x11  
  175  10:00  Hydralisk x12  
  175  10:03  Drone  
  200  10:40  Pneumatized Carapace  
  168  11:05  Hydralisk x16  
  182  11:21  Hatchery  
  182  11:25  Overlord x2  
  179  11:31  Lair, Hydralisk Den  
  152  11:33  Lurker x2  
  152  11:34  Evolution Chamber  
  152  11:36  Spawning Pool  
  152  11:39  Lurker x2  
  144  11:42  Queen  
  144  11:51  Drone x6  
  150  12:00  Drone  
  145  12:05  Drone  
  146  12:10  Drone  
  146  12:13  Drone x3  
  128  12:24  Drone x3  
  128  12:26  Hatchery  
  130  12:33  Queen, Drone  
  133  12:39  Drone x2  
  135  12:49  Drone x5, Infestation Pit  
  135  12:50  Zerg Ground Armor Level 2  
  131  12:58  Drone x2, Hatchery  
  130  13:10  Drone x8  
  128  13:17  Drone x3  
  117  13:26  Lurker Den, Hive  
  112  13:28  Drone  
  112  13:29  Drone x2  
  112  13:32  Extractor x2  
  113  13:37  Extractor, Drone  
  113  13:38  Extractor, Drone x4  
  116  13:55  Drone x6  
  120  14:17  Drone x3  
  120  14:18  Drone x10  
  133  14:48  Drone x4  
  133  14:49  Drone x2  
  133  14:51  Hydralisk x9  
  157  14:54  Hatchery  
  157  14:59  Extractor  
  155  15:02  Drone  
  155  15:03  Evolution Chamber  
  154  15:18  Spire  
  151  15:24  Hydralisk  
  151  15:25  Hydralisk x11  
Tags
 
Add a new tag
Caveats
  • Supply blocks, unpowered buildings, or Contaminate may cause inaccurate times.
  • Supply counts are checked every 10 seconds.